 Dungeon Crawl Stone Soup version 0.31-a0-43-g46d131a48f (webtiles) character file.

Game seed: 4539255624638853937

532 ytrimaz the Chucker (level 7, -1/72 HPs)
             Began as an Ogre Gladiator on May 19, 2023.
             Shot with an arrow by a centaur (12 damage)
             ... on level 5 of the Dungeon.
             The game lasted 00:04:19 (3960 turns).

ytrimaz the Chucker (Ogre Gladiator)                Turns: 3960, Time: 00:04:19

Health: -1/72      AC:  3    Str: 21    XL:     7   Next: 24%
Magic:  7/7        EV: 10    Int:  9    God:
Gold:   232        SH:  0    Dex: 10    Spells: 6/6 levels left

rFire   . . .        a - +1 flail (elec)
rCold   . . .        (no shield)
rNeg    . . .        b - +0 robe
rPois   .            c - +0 hat
rElec   .            (no cloak)
rCorr   .            (gloves unavailable)
SInv    .            (boots unavailable)
Will    .....        l - amulet of the acrobat
Stlth   +            (no ring)
HPRegen 0.32/turn    (no ring)
MPRegen 0.10/turn

%: acrobat
@: no status effects
A: large, unfitting armour, tough skin 1
a: no special abilities


You were on level 5 of the Dungeon.
You visited 1 branch of the dungeon, and saw 5 of its levels.

You collected 232 gold pieces.


Innate Abilities, Weirdness & Mutations

You are too large for most types of armour.
You have tough skin. (AC +1)


   Skills:
 + Level 5.5 Fighting
 + Level 4.2 Maces & Flails
 * Level 5.5 Throwing
 - Level 2.6 Dodging


You had 6 spell levels left.
You didn't know any spells.
Your spell library contained the following spells:

 Spells                   Type           Power      Damage    Failure   Level
 Blink                    Tloc           0%         N/A       52%         2
 Inner Flame              Hex/Fire       0%         N/A       77%         3
 Flame Wave               Conj/Fire      0%         2d4       99%         4
 Manifold Assault         Tloc           0%         N/A       99%         4
 Sticky Flame             Conj/Fire      0%         2d3       99%         4
 Storm Form               Tmut/Air       0%         N/A       100%        7

Inventory:

Hand Weapons
 a - a +1 flail of electrocution (weapon)
 x - a +0 giant club
   (You took it off an ogre on level 4 of the Dungeon)
Missiles
 d - a throwing net
 e - a large rock
 o - 4 javelins
 s - 12 poisoned darts (quivered)
Armour
 b - a +0 robe (worn)
 c - a +0 hat (worn)
Jewellery
 g - a ring of wizardry
   (You found it on level 1 of the Dungeon)
 k - a ring of ice
   (You found it on level 1 of the Dungeon)
 l - an amulet of the acrobat (around neck)
   (You found it on level 1 of the Dungeon)
Wands
 u - a wand of digging (7)
   (You found it on level 3 of the Dungeon)
Scrolls
 f - 2 scrolls of enchant weapon
 n - 2 scrolls of immolation
 t - a scroll of magic mapping
 v - a scroll of amnesia {unknown}
 y - a scroll of enchant armour {unknown}
 z - a scroll of blinking {unknown}
Potions
 h - 3 potions of flight
 i - a potion of resistance {unknown}
 j - 2 potions of brilliance {unknown}
 m - a potion of ambrosia {unknown}
 p - 2 potions of curing
 q - a potion of berserk rage {unknown}
 r - a potion of lignification
 w - a potion of haste {unknown}

Dungeon Overview and Level Annotations

Branches:
Dungeon (5/15) Zot: 25993
 Temple: D:4-7

Altars:
Elyvilon
Nemelex Xobeh
Sif Muna

Shops:
D:1 : D:5

= #.# ......= ....... #.#
....... ..$.... #####.#
....... ....... #..##.#######
#...... ......####.##......)#
#..f.. .....##.......#####.##
#..). ?...##..##.##.##.##..<
#..sโ™ฃ...##..^##.##.#.#..>.#
#.O...##.@.....##.##.#....
##c..#####.######.##.#..#.
##'##flcยงc# #.......#.
#.O..##### ####.#.##. ######
#.#.### #.#.### #.#....
#.##### #.#


You could see a centaur.


Message History

You thump the adder! Lightning courses through the adder!
You kill the adder!
You feel sick.
You have reached level 7! ๐Ÿ˜• HP[+5] MP[+1]
You now have 72 max hp (+6).
You regained 5 hp, and now have 65/72 hp.
Your mp is fully restored (7).
No target in view!
Found an escape hatch in the floor.
You feel sick.
You feel sick.
You feel sick.
You are no longer poisoned.
Key pressed, stopping explore.
Unknown command. ๐Ÿ˜Ž HP[+7]
Your hp is fully restored (72).
There is a stone staircase leading up here.
Found a stone staircase leading up.
Key pressed, stopping explore.
You open the door.
An ice beast comes into view.
An ice beast is nearby!
An ice beast is nearby!
An ice beast is nearby!
An iguana comes into view.
The iguana hisses angrily.
You hear a shout!
An ogre comes into view. It is wielding a +0 giant spiked club.
A centaur comes into view.
The centaur shouts!
There is an open door here.
A sleepcap comes into view.
A scorpion comes into view.
The ice beast hits you but does no damage.
Unknown command.
The centaur wields a +0 shortbow.
The centaur shoots an arrow.
The arrow closely misses you. The ice beast attacks as you move away!
The ice beast hits you. The ice beast freezes you!
The centaur shoots an arrow.
The arrow barely misses you.
There is an open door here. ๐Ÿ˜• HP[-13]
You take 13 damage, and now have 59/72 hp.
The ice beast attacks as you move away! The ice beast misses you.
You hit the ice beast. The ice beast hits you. The ice beast freezes you!
The ice beast barely misses you. ๐Ÿ˜ฎ HP[-8]
You take 8 damage, and now have 51/72 hp.
You hit the ice beast but do no damage. The ice beast misses you.
Unknown command.
You sock the ice beast!
The ice beast barely misses you. ๐Ÿ˜ฎ HP[+1]
You hit the ice beast. The ice beast hits you.
The ice beast freezes you! ๐Ÿ˜ฎ HP[-13]
You take 13 damage, and now have 39/72 hp.
You hit the ice beast but do no damage. Your punch misses the ice beast.
The ice beast closely misses you.
Unknown command.
You barely miss the ice beast. The ice beast hits you.
The ice beast freezes you!
* * * LOW HITPOINT WARNING * * *
The ice beast closely misses you. ๐Ÿ˜จ HP[-10]
You take 10 damage, and now have 29/72 hp.
Unknown command.
You thump the ice beast! The ice beast barely misses you.
Unknown command.
The ice beast attacks as you move away! The ice beast hits you.
* * * LOW HITPOINT WARNING * * *
The ice beast freezes you!
* * * LOW HITPOINT WARNING * * *
๐Ÿ˜ฑ HP[-13]
You take 13 damage, and now have 16/72 hp. ๐Ÿ˜ฑ HP[+1]
The ice beast attacks as you move away! The ice beast completely misses you.
You hit the ice beast. The ice beast hits you.
* * * LOW HITPOINT WARNING * * *
The ice beast freezes you!
* * * LOW HITPOINT WARNING * * *
๐Ÿ˜ฑ HP[-14]
You take 14 damage, and now have 3/72 hp. ๐Ÿ˜ฑ HP[+1]
You feel better.
The ice beast hits you but does no damage. ๐Ÿ˜ฑ HP[+10]
You regained 10 hp, and now have 14/72 hp.
Okay, then.
You hit the ice beast.
You kill the ice beast! ๐Ÿ˜ฑ HP[+1] Really walk into that dispersal trap?
You enter a dispersal trap!
The ogre blinks!
You blink.
The centaur shoots an arrow.
The arrow hits you!
* * * LOW HITPOINT WARNING * * *
The centaur shoots an arrow.
The arrow closely misses you. ๐Ÿ˜ฑ HP[-13]
You take 13 damage, and now have 2/72 hp.
Unknown command.
You feel better.
The centaur shoots an arrow.
The arrow hits you!
You die...

Skill      XL: |  1  2  3  4  5  6 |
---------------+-------------------+-----
Fighting       | 3 4 5 |  5.5
Maces & Flails | 3 4 |  4.2
Throwing       | 3 4 5 |  5.5
Dodging        | |  2.6

Action                     |  1- 3 |  4- 6 |  7- 9 || total
---------------------------+-------+-------+-------++-------
  Melee: Flail             |    78 |   108 |     9 ||   195
         Punch             |     2 |     1 |       ||     3
         Giant club        |       |     5 |       ||     5
  Throw: Throwing net      |     3 |       |       ||     3
         Dart              |       |     5 |       ||     5
    Use: Scroll            |     5 |     4 |       ||     9
         Potion            |       |       |     2 ||     2
   Stab: Sleeping          |     3 |       |       ||     3
 Armour: Robe              |    31 |    22 |     2 ||    55
  Dodge: Dodged            |    48 |    88 |    11 ||   147

Levels and vault maps discovered:
D:1:      dpeg_arrival_chambers_temple_mockup, layout_loops_ring, serial_shops,
          nicolae_shop_statue_plus
D:2:      layout_rooms, hellmonk_ecumenical_altar_defaced_shrine
D:3:      layout_loops_corners, mainiacjoe_overflow_big_doors
D:4:      layout_loops_corners, lemuel_coloured_pillars_altar
D:5:      layout_loops_cross, serial_shops, nicolae_shop_trees, shop, shop,
          nicolae_shop_just_a_little_nook, minivault_11, kennysheep_diamond,
          uniq_pikel

Notes
Turn   | Place    | Note
-------+----------+-------------------------------------------
     0 | D:1      | ytrimaz the Ogre Gladiator began the quest for the Orb.
     0 | D:1      | Reached XP level 1. HP: 22/22 MP: 1/1
     0 | D:1      | magus.rc [v1.9.6]
   114 | D:1      | HP: 5/22 [kobold/+3 short sword (3)]
   219 | D:1      | Reached XP level 2. HP: 29/29 MP: 2/2
   224 | D:1      | Reached skill level 3 in Fighting
   328 | D:1      | Found Sukkihe's Book Shop.
   841 | D:2      | Reached skill level 3 in Maces & Flails
   841 | D:2      | Reached XP level 3. HP: 28/37 MP: 3/3
  1025 | D:2      | Reached skill level 3 in Throwing
  1279 | D:2      | Found a faded altar of an unknown god.
  1592 | D:3      | Reached XP level 4. HP: 46/46 MP: 4/4
  1996 | D:3      | Found a shimmering blue altar of Sif Muna.
  2002 | D:3      | Found a sparkling altar of Nemelex Xobeh.
  2500 | D:4      | Noticed an ogre
  2502 | D:4      | Reached skill level 4 in Fighting
  2509 | D:4      | Killed an ogre
  2510 | D:4      | Reached skill level 4 in Throwing
  2510 | D:4      | Reached XP level 5. HP: 17/55 MP: 5/5
  2649 | D:4      | You pick up a book of Flames and begin reading...
  2649 | D:4      | You add the spells Inner Flame, Sticky Flame and Flame Wave
                  | to your library.
  2675 | D:4      | Reached XP level 6. HP: 35/63 MP: 6/6
  2869 | D:4      | Found a white marble altar of Elyvilon.
  3183 | D:4      | Reached skill level 5 in Fighting
  3241 | D:4      | Reached skill level 4 in Maces & Flails
  3241 | D:4      | Reached skill level 5 in Throwing
  3401 | D:4      | You add the spells Blink, Manifold Assault and Storm Form
                  | to your library.
  3769 | D:5      | Entered Level 5 of the Dungeon
  3806 | D:5      | Found Rattir's Jewellery Emporium.
  3855 | D:5      | Reached XP level 7. HP: 65/72 MP: 7/7
  3950 | D:5      | HP: 16/72 [ice beast (12)]
  3953 | D:5      | HP: 3/72 [ice beast (13)]
  3958 | D:5      | HP: 2/72 [centaur/arrow (13)]
  3960 | D:5      | Shot with an arrow by a centaur

Vanquished Creatures
  An ice beast (D:5)
  An ogre (D:4)
  A scorpion (D:4)
  An orc priest (D:4)
  2 iguanas (D:4)
  An orc wizard (D:4)
  3 gnolls (D:4)
  7 adders
  An ufetubus (D:4)
  2 worms
  2 dart slugs
  13 orcs
  5 bats
  3 endoplasms
  3 giant cockroaches
  2 goblins
  4 hobgoblins
  5 jackals (D:3)
  3 quokkas
  7 ball pythons
  2 frilled lizards (D:1)
  6 kobolds
75 creatures vanquished.

Table legend:
 A = Non-vault XP
 B = Vault XP
 C = Vault XP percentage of total XP
 D = Non-vault monster count
 E = Vault monster count
 F = Vault count percentage of total count
                 A         B        C        D         E       F
            +---------+---------+-------+---------+---------+-------
      Total |     752 |       9 |   1.2 |      72 |       3 |   4.0
            +---------+---------+-------+---------+---------+-------
        D:1 |      33 |       0 |   0.0 |      19 |       0 |   0.0
        D:2 |      24 |       9 |  27.3 |       4 |       3 |  42.9
        D:3 |      81 |       0 |   0.0 |      18 |       0 |   0.0
        D:4 |     465 |       0 |   0.0 |      29 |       0 |   0.0
        D:5 |     149 |       0 |   0.0 |       2 |       0 |   0.0
            +---------+---------+-------+---------+---------+-------

Skill      XL: |  1  2  3  4  5  6 |
---------------+-------------------+-----
Fighting       | 3 4 5 |  5.5
Maces & Flails | 3 4 |  4.2
Throwing       | 3 4 5 |  5.5
Dodging        | |  2.6

Action                     |  1- 3 |  4- 6 |  7- 9 || total
---------------------------+-------+-------+-------++-------
  Melee: Flail             |    78 |   108 |     9 ||   195
         Punch             |     2 |     1 |       ||     3
         Giant club        |       |     5 |       ||     5
  Throw: Throwing net      |     3 |       |       ||     3
         Dart              |       |     5 |       ||     5
    Use: Scroll            |     5 |     4 |       ||     9
         Potion            |       |       |     2 ||     2
   Stab: Sleeping          |     3 |       |       ||     3
 Armour: Robe              |    31 |    22 |     2 ||    55
  Dodge: Dodged            |    48 |    88 |    11 ||   147

Illustrated notes

Table legend:
 A = Kills in this place as a percentage of kills in the entire game.
 B = Kills by you in this place as a percentage of kills by you in the entire game.
 C = Kills by friends in this place as a percentage of kills by friends in the entire game.
 D = Other kills in this place as a percentage of other kills in the entire game.
 E = Experience gained in this place as a percentage of experience gained in the entire game.
 F = Experience gained in this place divided by the number of levels of this place that you have seen.
                   A       B       C       D       E      F
               +-------+-------+-------+-------+-------+----------------------
         Total | 100.0 | 100.0 |   N/A |   N/A | 100.0 | 152.2
       Dungeon | 100.0 | 100.0 |   N/A |   N/A | 100.0 | 152.2
               +-------+-------+-------+-------+-------+----------------------

Table legend: (Time is in decaauts)
 A = Elapsed time spent in this place.
 B = Non-inter-level travel time spent in this place.
 C = Inter-level travel time spent in this place.
 D = Time resting spent in this place.
 E = Time spent auto-exploring this place.
 F = Levels seen in this place.
 G = Mean time per level.
                   A        B        C        D        E       F      G
               +--------+--------+--------+--------+--------+-----+--------+
         Total |   4005 |   3895 |    110 |     45 |   3209 |   5 |  801.0 |
       Dungeon |   4005 |   3895 |    110 |     45 |   3209 |   5 |  801.0 |
               +--------+--------+--------+--------+--------+-----+--------+

Top non-repeatable levels by time:
     D:4: 1288 daAuts
     D:3: 1091 daAuts
     D:1: 844 daAuts
     D:2: 588 daAuts
     D:5: 193 daAuts
